Map: King's Cove LE

Players

HeroMarine - Winner!

  • Race: Terran Terran
  • Spawn Location: 5:00

Reynor

  • Race: Zerg Zerg
  • Spawn Location: 11:00

Event: 2019 WCS Spring

VOD

Have the link to the VOD?

Description

Time

  • Played on: May 18, 2019, 3:19 p.m.
  • Length: 13:25

All games in this series

Show
View Real Time Build Order
Export as new Build Order

HeroMarine Terran - Winner!

Build Orders: Hellion Opening, Reaper Expand 

Get SALT Encoding   

  12  0:00  SCV  
  13  0:12  SCV  
  14  0:17  Supply Depot  
  14  0:24  SCV  
  15  0:39  SCV  
  15  0:41  Barracks  
  16  0:44  Refinery  
  16  0:51  SCV  
  17  1:03  SCV  
  18  1:15  SCV  
  19  1:28  Reaper, Orbital Command  
  20  1:43  Command Center  
  20  1:51  Supply Depot  
  21  1:54  SCV  
  21  2:00  Marine  
  22  2:06  SCV  
  23  2:09  Factory  
  23  2:15  Refinery  
  23  2:19  SCV  
  24  2:24  Barracks Reactor  
  24  2:31  SCV  
  25  2:43  SCV  
  26  2:54  Starport  
  26  2:55  SCV, Orbital Command  
  27  3:05  Hellion x2  
  31  3:07  SCV  
  31  3:10  Barracks Tech Lab  
  32  3:19  SCV  
  33  3:21  SCV  
  33  3:26  Hellion x2  
  38  3:28  Supply Depot  
  38  3:32  SCV  
  38  3:33  SCV  
  40  3:37  Viking  
  42  3:44  SCV  
  42  3:45  SCV  
  42  3:48  Hellion  
  46  3:50  Hellion  
  46  3:51  Supply Depot  
  48  3:56  SCV  
  48  3:57  SCV  
  50  4:06  Raven  
  50  4:09  SCV  
  54  4:10  SCV  
  54  4:13  Hellion x2  
  58  4:21  SCV, Supply Depot  
  58  4:22  SCV  
  60  4:33  SCV  
  60  4:34  SCV, Command Center  
  62  4:43  Hellion x2  
  62  4:45  SCV  
  67  4:46  SCV  
  68  4:56  Factory x2  
  68  4:57  SCV, Refinery  
  68  4:58  SCV, Refinery  
  68  4:59  Supply Depot  
  70  5:18  Factory  
  70  5:20  SCV x2, Factory  
  70  5:22  Hellion x2  
  74  5:29  Armory  
  74  5:32  SCV x2  
  76  5:40  Barracks Tech Lab  
  76  5:42  Infernal Pre-Igniter  
  76  5:45  SCV x2  
  76  5:47  Hellion  
  76  5:48  Hellion  
  76  5:49  Orbital Command  
  82  5:57  SCV x2  
  84  5:59  Cyclone  
  84  6:03  Factory Reactor  
  87  6:06  Factory Tech Lab  
  87  6:09  SCV x2  
  87  6:11  Mag-Field Accelerator  
  89  6:15  SCV  
  90  6:21  SCV x2  
  90  6:22  Cyclone  
  92  6:33  SCV, Orbital Command  
  88  6:40  Cyclone x2  
  88  6:42  SCV  
  88  6:45  SCV, Hellion  
  92  6:48  Terran Vehicle And Ship Armor Level 1, Supply Depot  
  92  6:50  Hellion, Supply Depot  
  94  6:54  SCV  
  94  6:56  Cyclone  
  94  6:57  SCV  
  94  7:01  SCV, Refinery x2  
  100  7:02  Supply Depot  
  100  7:06  SCV  
  101  7:09  SCV  
  101  7:13  SCV  
  103  7:15  Cyclone, Supply Depot x2  
  103  7:17  Cyclone  
  103  7:21  SCV  
  110  7:23  SCV  
  110  7:24  Engineering Bay  
  110  7:25  SCV  
  111  7:31  Hellion x3  
  117  7:37  Cyclone  
  117  7:40  SCV x3  
  123  7:48  Supply Depot  
  123  7:50  Cyclone  
  123  7:51  Cyclone  
  129  7:55  Missile Turret  
  129  7:56  Missile Turret  
  129  8:02  Command Center  
  129  8:10  SCV x3  
  132  8:13  Siege Tank  
  135  8:23  Siege Tank  
  141  8:31  Hellion x4  
  141  8:33  Armory  
  149  8:44  Terran Vehicle And Ship Armor Level 2, Factory x2  
  149  8:45  Factory  
  149  8:47  Supply Depot  
  149  8:49  SCV x2, Supply Depot  
  149  8:50  Thor  
  149  8:53  Missile Turret  
  154  9:01  Supply Depot  
  154  9:02  Supply Depot  
  154  9:04  Missile Turret  
  154  9:08  Thor x2  
  165  9:17  SCV x3  
  165  9:24  Terran Vehicle Weapons Level 1  
  168  9:25  Missile Turret  
  168  9:26  Missile Turret  
  168  9:29  SCV x2  
  168  9:30  SCV  
  170  9:32  Factory Reactor  
  170  9:33  Siege Tank, Factory Tech Lab  
  173  9:38  Missile Turret  
  173  9:40  Planetary Fortress  
  173  9:44  Refinery  
  176  9:49  Refinery  
  176  9:51  Siege Tank  
  176  9:52  Siege Tank  
  179  9:56  Factory Tech Lab  
  179  9:57  Cyclone  
  182  10:03  Hellion x2  
  182  10:04  Hellion x2  
  182  10:05  Command Center  
  188  10:18  Hellion, Cyclone x2  
  188  10:19  Hellion  
  157  10:23  Cyclone  
  157  10:24  Hellion  
  157  10:25  Hellion x3  
  157  10:27  Hellion  
  157  10:28  SCV  
  167  10:29  Cyclone  
  167  10:31  SCV x2  
  162  10:40  SCV, Hellion  
  145  10:43  SCV x2  
  145  10:44  Missile Turret  
  145  10:45  Cyclone  
  145  10:48  SCV  
  151  10:50  Cyclone  
  151  10:52  SCV, Cyclone  
  151  10:55  SCV x2  
  151  10:56  Cyclone  
  163  11:01  Cyclone  
  163  11:03  Missile Turret  
  168  11:04  SCV  
  168  11:11  SCV x2  
  169  11:15  Hellion x4  
  169  11:16  Hellion  
  169  11:17  Hellion  
  181  11:20  Siege Tank  
  181  11:25  Cyclone  
  177  11:27  Cyclone  
  177  11:32  Cyclone  
  179  11:33  Cyclone  
  179  11:39  SCV x4  
  162  11:41  SCV  
  162  11:44  Hellion  
  164  11:52  Cyclone  
  167  11:56  SCV  
  167  11:57  Planetary Fortress  
  167  11:58  Barracks  
  168  12:04  Cyclone x2  
  168  12:07  Cyclone  
  173  12:10  Hellion  
  173  12:14  Hellion  
  156  12:20  Cyclone  
  156  12:22  SCV x2  
  161  12:25  SCV x2  
  163  12:32  Cyclone  
  163  12:36  Siege Tank  
  170  12:39  Hellion  
  170  12:40  Hellion  
  161  12:49  Cyclone  
  159  12:52  Hellion  
  154  13:02  Hellion  
Show
View Real Time Build Order
Export as new Build Order

Reynor Zerg 

Build Orders: Hatch First, Muta Ling Bane 

Get SALT Encoding   

  12  0:00  Drone  
  13  0:12  Overlord  
  13  0:18  Drone  
  14  0:30  Drone x2  
  16  0:49  Hatchery  
  15  0:54  Drone  
  15  0:57  Drone  
  17  1:01  Drone  
  18  1:11  Extractor  
  17  1:16  Spawning Pool  
  16  1:19  Drone  
  16  1:23  Drone  
  18  1:28  Drone  
  19  1:41  Drone  
  20  1:50  Overlord  
  20  2:03  Zergling x4  
  20  2:04  Queen x2  
  26  2:19  Drone  
  26  2:20  Drone  
  28  2:28  Hatchery  
  27  2:31  Drone  
  27  2:37  Drone x2  
  27  2:42  Metabolic Boost  
  29  2:44  Drone  
  29  2:46  Drone  
  31  2:54  Queen  
  33  2:59  Overlord  
  33  3:01  Drone  
  33  3:03  Drone  
  35  3:17  Overlord  
  35  3:18  Drone x4  
  35  3:19  Drone  
  40  3:22  Drone  
  40  3:26  Drone  
  42  3:32  Drone  
  43  3:34  Queen  
  43  3:39  Zergling x2  
  46  3:42  Overlord  
  46  3:43  Drone x3  
  49  3:51  Zergling x4  
  49  3:53  Overlord, Baneling Nest  
  49  3:55  Drone  
  51  3:59  Overlord  
  51  4:04  Drone x3  
  51  4:09  Zergling x4  
  56  4:12  Queen  
  56  4:14  Drone  
  56  4:15  Drone  
  60  4:18  Overlord  
  60  4:20  Drone  
  60  4:22  Drone  
  60  4:23  Drone  
  63  4:25  Drone  
  63  4:26  Drone  
  63  4:30  Drone  
  66  4:34  Overlord  
  66  4:35  Drone  
  66  4:36  Lair  
  67  4:39  Extractor  
  67  4:40  Extractor  
  67  4:41  Queen  
  67  4:44  Zergling x2  
  68  4:47  Drone x2  
  68  4:50  Overlord  
  70  4:55  Drone x4  
  70  4:56  Spore Crawler  
  70  4:58  Baneling x3  
  73  5:03  Spore Crawler, Overlord  
  73  5:05  Zergling x6  
  75  5:08  Queen  
  75  5:09  Drone  
  75  5:11  Drone  
  75  5:14  Overlord  
  79  5:15  Drone x2  
  79  5:18  Overlord  
  79  5:20  Drone  
  82  5:23  Drone x2  
  82  5:26  Overlord  
  82  5:28  Drone x2  
  86  5:29  Drone  
  86  5:34  Evolution Chamber x2  
  86  5:35  Zergling x4  
  87  5:39  Overlord  
  87  5:40  Drone x3  
  90  5:43  Centrifical Hooks  
  90  5:49  Overlord  
  92  5:50  Drone x4  
  92  5:54  Extractor  
  92  5:56  Extractor  
  92  5:58  Drone  
  92  5:59  Extractor  
  92  6:00  Zerg Melee Weapons Level 1, Zerg Ground Armor Level 1  
  92  6:02  Drone x3  
  95  6:15  Zergling x12  
  95  6:17  Queen  
  101  6:23  Zergling x4  
  100  6:26  Zergling x6  
  100  6:27  Queen x2, Zergling x6  
  109  6:34  Overlord  
  109  6:37  Zergling x4  
  109  6:39  Hatchery  
  101  6:42  Overlord  
  99  6:48  Spire  
  98  7:02  Baneling x4  
  98  7:04  Zergling x26  
  111  7:09  Overlord  
  111  7:12  Drone  
  111  7:16  Drone  
  111  7:18  Drone  
  111  7:22  Overlord  
  113  7:27  Overlord  
  113  7:32  Drone x3  
  116  7:37  Drone  
  116  7:40  Overlord  
  116  7:44  Hatchery  
  116  7:54  Baneling x2  
  116  7:56  Drone x4  
  120  8:01  Mutalisk x10  
  120  8:03  Overlord  
  140  8:08  Baneling x3  
  140  8:10  Baneling  
  140  8:11  Baneling x2, Zergling x2  
  140  8:12  Zergling x6  
  144  8:13  Zerg Ground Armor Level 2  
  144  8:15  Drone x4  
  144  8:16  Extractor  
  144  8:17  Extractor  
  146  8:21  Overlord  
  146  8:27  Zergling x14  
  135  8:29  Mutalisk x2  
  135  8:33  Zerg Melee Weapons Level 2  
  142  8:34  Baneling x3  
  142  8:37  Zergling x4  
  142  8:39  Drone x2  
  146  8:44  Zerg Flyer Weapons Level 1  
  146  8:45  Mutalisk  
  148  8:48  Zergling x8  
  148  8:50  Overlord  
  148  8:54  Mutalisk  
  154  8:57  Drone  
  154  8:58  Drone x4  
  154  8:59  Infestation Pit  
  154  9:00  Drone  
  159  9:05  Overlord  
  159  9:07  Baneling x3  
  159  9:08  Mutalisk, Baneling x2  
  161  9:10  Drone x3  
  161  9:15  Zergling x12  
  170  9:19  Baneling x5  
  170  9:23  Zergling x10  
  175  9:27  Overlord  
  173  9:32  Mutalisk x4  
  173  9:37  Hive, Drone  
  173  9:38  Drone  
  179  9:43  Zergling x2  
  179  9:44  Zergling x16  
  179  9:45  Drone  
  189  9:49  Zergling x2  
  189  9:52  Overlord  
  190  9:53  Mutalisk x3  
  190  9:55  Zergling x8  
  200  10:06  Hatchery  
  185  10:15  Zergling x16  
  185  10:16  Zergling x14  
  185  10:20  Mutalisk x4  
  194  10:24  Zergling x6  
  189  10:29  Mutalisk x4  
  189  10:32  Zergling x8  
  183  10:39  Zergling x6  
  183  10:41  Zergling x6  
  171  10:45  Zergling x8  
  171  10:48  Drone x2  
  177  10:51  Ultralisk Cavern  
  177  10:52  Zergling x4  
  177  10:57  Zergling x8  
  181  11:00  Baneling x8  
  181  11:02  Zergling x8  
  186  11:08  Zergling x8  
  190  11:15  Overlord  
  190  11:16  Baneling x7  
  190  11:25  Zergling x26  
  188  11:31  Zergling x10  
  187  11:39  Zergling x12  
  184  11:42  Overlord  
  184  11:44  Chitinous Plating  
  170  11:48  Baneling x4, Extractor  
  170  11:50  Ultralisk x3, Zergling x14  
  194  11:55  Zergling x6  
  191  12:13  Ultralisk x2  
  191  12:14  Zergling x22  
  199  12:29  Zergling x2  
  200  12:37  Baneling x16  
  195  12:44  Zergling x10  
  195  12:45  Zergling x2  
  195  12:50  Zergling x28  
  184  12:56  Zergling x6  
  166  13:00  Zergling x8  
  166  13:05  Zergling x4  
Tags
 
Add a new tag
Caveats
  • Supply blocks, unpowered buildings, or Contaminate may cause inaccurate times.
  • Supply counts are checked every 10 seconds.